 Dungeon Crawl Stone Soup version 0.28-a0-1510-gd0f6b136d3 (webtiles) character file.

Game seed: 8031181947923895597

3 croobank the Ducker (level 1, 0/16 HPs)
             Began as a Demonspawn Gladiator on Jan 14, 2022.
             Slain by a quokka (4 damage)
             ... on level 1 of the Dungeon.
             The game lasted 00:00:50 (137 turns).

croobank the Ducker (Demonspawn Gladiator)           Turns: 137, Time: 00:00:50

Health: 0/16       AC:  4    Str: 14    XL:     1   Next: 41%
Magic:  1/1        EV: 12    Int:  9    God:
Gold:   36         SH:  0    Dex: 14    Spells: 0/0 levels left

rFire   . . .      SeeInvis .   a - +0 flail
rCold   . . .      Faith    .   (no shield)
rNeg    . . .      Spirit   .   f - +0 leather armour
rPois   .          Reflect  .   c - +0 helmet
rElec   .          Harm     .   (no cloak)
rCorr   .          Rampage  .   (no gloves)
Will    +....                   (no boots)
Stlth   +.........              (no amulet)
HPRegen 0.05/turn               e - ring of willpower
MPRegen 0.07/turn               (no ring)

@: no status effects
A: no striking features
a: no special abilities


You were on level 1 of the Dungeon.
You visited 1 branch of the dungeon, and saw 1 of its levels.

You collected 36 gold pieces.

Inventory:

Hand Weapons
 a - a +0 flail (weapon)
 b - a +0 hunting sling
Missiles
 d - 3 throwing nets (quivered)
 g - 22 stones
 i - 30 arrows
Armour
 c - a +0 helmet (worn)
 f - a +0 leather armour (worn)
Jewellery
 e - a ring of willpower (left hand)
Scrolls
 h - a scroll of fog {unknown}


   Skills:
 + Level 2.0 Fighting
 + Level 2.7 Maces & Flails
 + Level 1.8 Throwing
 + Level 2.7 Dodging


You couldn't memorise any spells.
You didn't know any spells.
Your spell library was empty.

Dungeon Overview and Level Annotations

Branches:
Dungeon (1/15)

Altars:


Message History

You see here 15 gold pieces.
Found 30 arrows.
Found a stone staircase leading down.
The frilled lizard barely misses you.
You barely miss the frilled lizard. The frilled lizard barely misses you.
The frilled lizard bites you but does no damage.
You thump the frilled lizard!
You kill the frilled lizard!
A rat comes into view.
You see here 30 arrows.
There are no items here.
You see here 30 arrows.
i - 30 arrows The rat misses you.
You hit the rat.
You kill the rat!
You now have 36 gold pieces (gained 15).
A rat comes into view.
A rat is nearby!
The rat bites you but does no damage.
You barely miss the rat. The rat barely misses you. The rat closely misses you.
You barely miss the rat. The rat barely misses you.
You barely miss the rat. The rat barely misses you.
You barely miss the rat. The rat barely misses you.
You hit the rat.
You kill the rat!
You see here a rat corpse.
A quokka comes into view.
The quokka bites you but does no damage.
The quokka misses you. The quokka bites you. The quokka closely misses you.
You miss the quokka. The quokka barely misses you.
You completely miss the quokka. The quokka bites you. x2
You barely miss the quokka. The quokka barely misses you.
You closely miss the quokka. The quokka bites you. x2
* * * LOW HITPOINT WARNING * * *
You barely miss the quokka. The quokka misses you.
You hit the quokka but do no damage. The quokka bites you.
* * * LOW HITPOINT WARNING * * *
The quokka bites you.
You die...

#.#.#
#...#.......
#######†#.#
#####.#+#'#.
..........#
#.#.#...
#######.######
..#.....
#........+
...#.....
#.#..#####
...###....
#.#..# ...
#.... # #r.#
#.... #.@#
#..####..#
#..#
.........#
#..#
#######..#
#..#
#.....#..#
#..#
#.........
#..#
#...#####.
#..#
#...#>..#.
...# #.....# .
#.#####.#.


You could see a quokka.

Vanquished Creatures
  An endoplasm (D:1)
  A frilled lizard (D:1)
  2 rats (D:1)
4 creatures vanquished.

Notes
Turn   | Place    | Note
-------+----------+-------------------------------------------
     0 | D:1      | croobank the Demonspawn Gladiator began the quest for the
                  | Orb.
     0 | D:1      | Reached XP level 1. HP: 16/16 MP: 1/1
   137 | D:1      | Slain by a quokka

Illustrated notes

Levels and vault maps discovered:
D:1:      ebering_trefoil_twist, layout_basic

Action                   || total
-------------------------++-------
Melee: Flail             ||    15
Armor: Leather armour    ||     3
Dodge: Dodged            ||    13

Table legend: (Time is in decaauts)
 A = Elapsed time spent in this place.
 B = Non-inter-level travel time spent in this place.
 C = Inter-level travel time spent in this place.
 D = Time resting spent in this place.
 E = Time spent auto-exploring this place.
 F = Levels seen in this place.
 G = Mean time per level.
                   A        B        C        D        E       F      G
               +--------+--------+--------+--------+--------+-----+--------+
         Total |    140 |    140 |      0 |      0 |     47 |   1 |  140.0 |
       Dungeon |    140 |    140 |      0 |      0 |     47 |   1 |  140.0 |
               +--------+--------+--------+--------+--------+-----+--------+

Top non-repeatable levels by time:
     D:1: 140 daAuts
